 Dungeon Crawl Stone Soup version 0.31-a0-986-g5e6e4ef867 (webtiles) character file.

Game seed: 14493765286380146792

22 jlumianski the Ruffian (level 2, -3/23 HPs)
             Began as a Gnoll Shapeshifter on Nov 9, 2023.
             Slain by a goblin
             ... wielding a +2 dagger of venom
              (5 damage)
             ... on level 1 of the Dungeon.
             The game lasted 00:01:35 (358 turns).

jlumianski the Ruffian (Gnoll Shapeshifter)          Turns: 358, Time: 00:01:36

Health: -3/23      AC:  2    Str: 13    XL:     2   Next: 91%
Magic:  2/2        EV: 13    Int:  9    God:
Gold:   9          SH:  0    Dex: 11    Spells: 2/2 levels left

rFire   . .          .
                       - Unarmed
rCold   . . .        (no shield)
rNeg    . . .        a - +0 animal skin
rPois   .            (helmet currently unavailable)
rElec   .            (cloak currently unavailable)
rCorr   .            (gloves currently unavailable)
SInv    .            (boots currently unavailable)
Will    .....        (no amulet)
Stlth   +            (no ring)
HPRegen 0.23/turn    (no ring)
MPRegen 0.08/turn

%: no passive effects
@: lethally poisoned (-3 -> -18), beast-form
A: beast (slay +3), fangs 1, strong nose, distributed training
a: Begin Untransformation


You were on level 1 of the Dungeon.
You were a hulking beast.
You visited 1 branch of the dungeon, and saw 1 of its levels.

You collected 9 gold pieces.

Inventory:

Hand Weapons
 f - a +2 vampiric dagger
Armour
 a - a +0 animal skin (worn)
Talismans
 c - a beast talisman
 d - a flux talisman
Scrolls
 e - a scroll of identify {unknown}
 g - a scroll of torment {unknown}
 h - a scroll of noise {unknown}
Potions
 b - a potion of lignification


   Skills:
 + Level 2.5 Fighting
 + Level 0.5 Short Blades
 + Level 0.5 Long Blades
 + Level 0.5 Axes
 + Level 0.5 Maces & Flails
 + Level 0.5 Polearms
 + Level 0.5 Staves
 + Level 0.5 Ranged Weapons
 + Level 0.5 Throwing
 + Level 0.5 Armour
 + Level 4.5 Dodging
 + Level 0.5 Stealth
 + Level 0.5 Shields
 + Level 6.5 Unarmed Combat
 + Level 0.5 Spellcasting
 + Level 0.4 Conjurations
 + Level 0.4 Hexes
 + Level 0.4 Summonings
 + Level 0.4 Necromancy
 + Level 0.4 Translocations
 + Level 0.4 Transmutations
 + Level 0.4 Fire Magic
 + Level 0.4 Ice Magic
 + Level 0.4 Air Magic
 + Level 0.4 Earth Magic
 + Level 0.4 Poison Magic
 + Level 0.7 Invocations
 + Level 0.5 Evocations
 + Level 6.5 Shapeshifting


You had 2 spell levels left.
You didn't know any spells.
Your spell library contained the following spells:

 Spells                   Type           Power      Damage    Failure   Level
 Lesser Beckoning         Tloc           0%         N/A       45%         2
 Gell's Gravitas          Tloc           0%         N/A       69%         3
 Teleport Other           Tloc           0%         N/A       69%         3


Dungeon Overview and Level Annotations

Branches:
Dungeon (1/15)

Altars:


Innate Abilities, Weirdness & Mutations

You are a hulking beast.
Your limbs bulge with bestial killing power. (Slay +3)
You have very sharp teeth.
Your uncanny sense of smell can sniff out nearby items.
Your experience applies equally to all skills.


Message History

You see here a +0 club.
A goblin and 3 jackals come into view.
The goblin is wielding a +2 dagger of venom.
The goblin shouts!
The jackal barks!
A kobold comes into view. It is wielding a +0 dagger.
The jackal barks!
The goblin hits you with a +2 dagger of venom.
You are poisoned.
You feel sick.
A jackal comes into view.
The goblin attacks as it pursues you!
The goblin hits you with a +2 dagger of venom.
The kobold shouts!
You hit the jackal. Your bite misses the jackal.
The jackal is severely wounded.
You feel sick. The jackal bites you. The goblin closely misses you.
You hit the jackal.
You kill the jackal!
You feel sick.
You feel sick. The goblin attacks as it pursues you! The goblin misses you.
The jackal closely misses you.
You see here a +0 club.
You feel sick.
You feel sick. The goblin attacks as it pursues you!
The goblin barely misses you.
You feel sick.
You closely miss the goblin.
You feel sick.
You are no longer poisoned.
The goblin hits you with a +2 dagger of venom.
You are lethally poisoned!
You hit the goblin but do no damage. You punch the goblin, but do no damage.
* * * LOW HITPOINT WARNING * * *
You feel very sick. The goblin hits you but does no damage.
You are more poisoned.
You closely miss the goblin.
* * * LOW HITPOINT WARNING * * *
You feel very sick.
The goblin hits you with a +2 dagger of venom.
You die...

#. #.. #.. ∆ ... #.#
#h# #.# #.## #.# #..##
# #.### ##...#.#
#.#.######K#.#..#
#.....hghhh.....#
#.#.######.#.#......
##.#.# ##...######
#.†..##### ##.##
#.#......# #.#
#....###.# #.#
######.#.# #.# #.#
#......#.###.## #.#####
#.####.#.##...###.....#


You could see 3 jackals, a goblin and a kobold.

Vanquished Creatures
  A dart slug (D:1)
  A ball python (D:1)
  3 bats (D:1)
  A giant cockroach (D:1)
  2 goblins (D:1)
  A hobgoblin (D:1)
  3 jackals (D:1)
  3 kobolds (D:1)
  2 frilled lizards (D:1)
  A rat (D:1)
18 creatures vanquished.

Notes
Turn   | Place    | Note
-------+----------+-------------------------------------------
     0 | D:1      | jlumianski the Gnoll Shapeshifter began the quest for the
                  | Orb.
     0 | D:1      | Reached XP level 1. HP: 17/17 MP: 1/1
   178 | D:1      | Reached XP level 2. HP: 17/23 MP: 2/2
   358 | D:1      | Slain by a goblin

Illustrated notes

Levels and vault maps discovered:
D:1:      minmay_arrival_up_and_down, layout_loops_ring

Action                     || total
---------------------------++-------
  Melee: Unarmed           ||    36
         Bite              ||     3
         Punch             ||     1
 Armour: Animal skin       ||    21
  Dodge: Dodged            ||    31

Table legend: (Time is in decaauts)
 A = Elapsed time spent in this place.
 B = Non-inter-level travel time spent in this place.
 C = Inter-level travel time spent in this place.
 D = Time resting spent in this place.
 E = Time spent auto-exploring this place.
 F = Levels seen in this place.
 G = Mean time per level.
                   A        B        C        D        E       F      G
               +--------+--------+--------+--------+--------+-----+--------+
         Total |    353 |    353 |      0 |      0 |    118 |   1 |  353.0 |
       Dungeon |    353 |    353 |      0 |      0 |    118 |   1 |  353.0 |
               +--------+--------+--------+--------+--------+-----+--------+

Top non-repeatable levels by time:
     D:1: 353 daAuts
